 Dungeon Sprint DCSS version 0.19.5 (webtiles) character file.

19827 Cecillian the Shatterer (level 12, -2/162 HPs)
             Began as an Ogre Berserker on May 16, 2017.
             Was the Champion of Trog.
             Slain by a vampire knight
             ... wielding a +0 battleaxe
              (8 damage)
             ... in the Dungeon (Sprint IX: "|||||||||||||||||||||||||||||").
             The game lasted 00:13:52 (2941 turns).

Cecillian the Shatterer (Ogre Berserker)            Turns: 2941, Time: 00:13:53

Health: -2/162     AC: 16    Str: 32    XL:     12   Next: 73%
Magic:  12/12      EV: 11    Int:  6    God:    Trog [******]
Gold:   1174       SH:  8    Dex: 11    Spells: 0 memorised, 11 levels left

rFire  . . .     SeeInvis .     c - +4 eveningstar (crush)
rCold  . . .     Gourm    .     O - +0 storm dragon scales
rNeg   . . .     Faith    .     F - +0 shield
rPois  .         Spirit   .     r - +0 hat
rElec  +         Reflect  .     a - +2 cloak
rCorr  .         Harm     .     (gloves unavailable)
MR     +....     NoTele   +     (boots unavailable)
Stlth  ..........               (no amulet)
                                p - +2 ring of protection
                                q - +2 ring of evasion

@: mighty, very slightly contaminated
A: unfitting armour, tough skin 1
a: Berserk, Trog's Hand, Brothers in Arms, Burn Spellbooks, Renounce Religion


You were in the Dungeon.
You worshipped Trog.
Trog was exalted by your worship.
You were not hungry.

You visited 1 branch You collected 1868 gold pieces.
You spent 694 gold pieces at shops.

Inventory:

Hand Weapons
 c - a +4 eveningstar of crushing (weapon)
 f - the +6 giant spiked club "Fifoipn" {drain, rElec}
   (Trog gifted it to you in the Dungeon)

   A truly terrible weapon, it drains the life of those it strikes.
   It insulates you from electricity.
 o - a +5 dire flail of crushing
 t - the cursed +3 glaive of Generosity {flame, Str+6}
   (You found it in the Dungeon)

   It has been specially enchanted to burn those struck by it, causing extra
   injury to most foes and up to half again as much damage against particularly
   susceptible opponents.
   Big, fiery blades are also staple armaments of hydra-hunters.
   It affects your strength (+6).
   It has a curse placed upon it.
 u - a +4 flail of holy wrath
 w - a +6 antimagic giant club
 x - a +2 quarterstaff of speed
 C - a +4 antimagic giant spiked club
 D - a +2 glaive of protection
Missiles
 n - 3 large rocks (quivered)
 y - 3 curare-tipped needles
Armour
 a - a +2 cloak (worn)
 b - a +0 animal skin
 r - a +0 hat (worn)
 E - a +1 robe
 F - a +0 shield (worn)
 J - a +2 cloak
 O - +0 storm dragon scales (worn)
Jewellery
 p - a +2 ring of protection (right hand)
 q - a +2 ring of evasion (left hand)
 K - an uncursed ring of fire
 L - an uncursed ring of fire
 M - an uncursed ring of ice
 N - an uncursed ring of poison resistance
Wands
 m - a wand of acid (7/15)
 H - a wand of lightning (11/15)
Scrolls
 i - 6 scrolls of blinking
 l - 3 scrolls of remove curse
 v - 2 scrolls of fear
 P - a scroll of recharging
 Q - 2 scrolls of identify
Potions
 d - 9 potions of curing
 e - 8 potions of heal wounds
 g - 4 potions of magic
 h - 2 potions of berserk rage
 j - a potion of cure mutation
 k - a potion of invisibility
Miscellaneous
 G - a disc of storms
Comestibles
 z - 39 fruits
 A - 11 bread rations
 B - 10 meat rations
 I - 2 chunks of flesh


   Skills:
 + Level 22.0 Fighting
 + Level 24.6 Maces & Flails
 + Level 1.4 Armour
 + Level 13.7 Dodging
 + Level 4.2 Stealth
 + Level 0.5 Shields


You had 11 spell levels left.
You didn't know any spells.

Dungeon Overview and Level Annotations

Branches:
Dungeon (1/1)

Altars:
Cheibriados
Dithmenos
Elyvilon
Fedhas
Gozag
Hepliaklqana
Kikubaaqudgha
Makhleb
Nemelex Xobeh
Okawaru
Qazlal
Ru
Sif Muna
Trog
Uskayaw
Vehumet
Xom
Yredelemnul
Zin
The Shining One
Beogh
Jiyva
Lugonu

Shops:
D [[[*


Innate Abilities, Weirdness & Mutations

You are too large for most types of armour.
You have tough skin. (AC +1)


Message History

* * * LOW HITPOINT WARNING * * *
The vampire knight draws strength from your injuries!
You see here a +0 triple crossbow.
The vampire knight blinks!
You see here a +0 bardiche.
The vampire knight hits you with a battleaxe!!
* * * LOW HITPOINT WARNING * * *
The vampire knight bites you but does no damage.
You see here a +1 longbow.
You see here a +2 hand crossbow of flaming.
Your skin stops crawling.
You feel less resistant to hostile enchantments.
You see here a +0 triple sword.
The vampire knight points at you and mumbles some strange words.
You resist with some effort.
You see here a +1 lajatang.
You see here a +3 broad axe.
You feel less exhausted. You block the vampire knight's attack.
The vampire knight bites you!
You die...

▓▓▓▓▓▓▓▓▓▓▓▓▓▓▓▓▓▓▓▓▓▓▓▓▓▓▓▓▓▓▓▓▓
[[[.[.[[.FCCC))V@.....'.........▓
▓▓▓▓▓▓▓▓▓▓▓▓▓▓▓▓▓▓▓▓▓▓▓▓▓▓▓▓▓▓▓.▓
................................▓
▓▓▓▓▓▓▓▓▓▓▓▓▓▓▓▓▓▓▓▓▓▓▓▓▓▓▓▓▓▓▓▓▓
))))[........[.)))[.............▓
▓▓▓▓▓▓▓▓▓▓▓▓▓▓▓▓▓▓▓▓▓▓▓▓▓▓▓▓▓▓▓.▓
...............))...)..)...)....▓
▓▓▓▓▓▓▓▓▓▓▓▓▓▓▓▓▓▓▓▓▓▓▓▓▓▓▓▓▓▓▓▓▓
'........÷'.....(.).....'.......▓


You could see a fire giant, a stone giant, a vampire knight, an ettin and a
bullfrog.

Vanquished Creatures
  Gastronok (D)
  2 dire elephants (D)
  2 ogre magi (D)
  A hydra (D)
  A centaur warrior (D)
  A deep troll earth mage (D)
  Urug (D)
  9 orc knights (D)
  2 ugly things (D)
  6 elephants (D)
  Maurice (D)
  Psyche (D)
  3 spiny frogs (D)
  A yaktaur (shapeshifter) (D)
  A tengu conjurer (D)
  A meliai (D)
  3 blink frogs (D)
  A hippogriff (D)
  A slime creature (D)
  2 yaks (D)
  A porcupine (D)
  A water moccasin (D)
  17 orc warriors (D)
  A centaur (D)
  6 crocodiles (D)
  A big kobold (D)
  A bullfrog (D)
  A quasit (D)
  4 orc priests (D)
  A jelly (D)
  A hound (D)
  An ooze (D)
  An adder skeleton (D)
  An adder simulacrum (D)
  A leopard gecko (D)
  13 orcs (D)
  A bat skeleton (D)
  3 goblins (D)
  A hobgoblin (D)
  A jackal skeleton (D)
99 creatures vanquished.

Notes
Turn   | Place    | Note
-------+----------+-------------------------------------------
     0 | D        | Cecillian the Ogre Berserker began the quest for the Orb.
     0 | D        | Reached XP level 1. HP: 24/24 MP: 1/1
     9 | D        | Reached skill level 5 in Fighting
    11 | D        | Reached ** piety under Trog
    11 | D        | Reached skill level 5 in Maces & Flails
    11 | D        | Reached XP level 2. HP: 35/35 MP: 2/2
    35 | D        | Reached *** piety under Trog
    35 | D        | Reached skill level 6 in Maces & Flails
    35 | D        | Reached XP level 3. HP: 37/45 MP: 3/3
   121 | D        | Found a roughly hewn altar of Beogh.
   121 | D        | Found a snail-covered altar of Cheibriados.
   121 | D        | Found a shadowy altar of Dithmenos.
   121 | D        | Found a white marble altar of Elyvilon.
   121 | D        | Found a blossoming altar of Fedhas.
   121 | D        | Found an opulent altar of Gozag.
   122 | D        | Found a hazy altar of Hepliaklqana.
   123 | D        | Found a viscous altar of Jiyva.
   124 | D        | Found an ancient bone altar of Kikubaaqudgha.
   125 | D        | Found a corrupted altar of Lugonu.
   126 | D        | Found a burning altar of Makhleb.
   127 | D        | Found a sparkling altar of Nemelex Xobeh.
   128 | D        | Found an iron altar of Okawaru.
   129 | D        | Found a stormy altar of Qazlal.
   130 | D        | Found a sacrificial altar of Ru.
   131 | D        | Found a deep blue altar of Sif Muna.
   132 | D        | Found a bloodstained altar of Trog.
   133 | D        | Found a hide-covered altar of Uskayaw.
   134 | D        | Found a radiant altar of Vehumet.
   135 | D        | Found a shimmering altar of Xom.
   136 | D        | Found a basalt altar of Yredelemnul.
   137 | D        | Found a glowing silver altar of Zin.
   138 | D        | Found a glowing golden altar of the Shining One.
   167 | D        | Noticed a centaur
   167 | D        | Noticed a big kobold
   167 | D        | Noticed a yak
   172 | D        | Killed a yak
   172 | D        | Reached **** piety under Trog
   172 | D        | Reached skill level 10 in Maces & Flails
   172 | D        | Reached XP level 4. HP: 50/59 MP: 4/4
   172 | D        | Reached XP level 5. HP: 57/67 MP: 5/5
   176 | D        | Killed a big kobold
   176 | D        | Reached skill level 10 in Fighting
   176 | D        | Reached XP level 6. HP: 62/78 MP: 6/6
   182 | D        | Reached skill level 11 in Maces & Flails
   355 | D        | Noticed a centaur warrior
   355 | D        | Noticed a red ugly thing
   355 | D        | Noticed a slime creature
   360 | D        | Killed a slime creature
   360 | D        | Reached ***** piety under Trog
   360 | D        | Reached skill level 12 in Maces & Flails
   360 | D        | Reached XP level 7. HP: 89/89 MP: 7/7
   367 | D        | Killed a red ugly thing
   367 | D        | Reached skill level 14 in Maces & Flails
   367 | D        | Reached XP level 8. HP: 101/101 MP: 8/8
   373 | D        | Killed a centaur warrior
   373 | D        | Reached skill level 16 in Maces & Flails
   379 | D        | Received a gift from Trog
   462 | D        | Noticed Gastronok
   474 | D        | HP: 5/105 [Gastronok (29)]
   478 | D        | Killed Gastronok
   478 | D        | Reached skill level 15 in Fighting
   478 | D        | Reached skill level 18 in Maces & Flails
   478 | D        | Reached skill level 10 in Dodging
   478 | D        | Reached skill level 1 in Stealth
   478 | D        | Reached XP level 9. HP: 34/118 MP: 9/9
   742 | D        | Got the cursed +3 glaive of Generosity {flame, Str+6}
   758 | D        | Noticed a spiny frog
   758 | D        | Noticed a four-headed hydra
   763 | D        | Killed a four-headed hydra
   763 | D        | Reached XP level 10. HP: 105/127 MP: 10/10
   778 | D        | Received a gift from Trog
   778 | D        | Reached skill level 19 in Maces & Flails
   786 | D        | Killed a spiny frog
  1076 | D        | Noticed a spiny frog
  1076 | D        | Noticed a spiny frog
  1084 | D        | Killed a spiny frog
  1084 | D        | Received a gift from Trog
  1090 | D        | Killed a spiny frog
  1090 | D        | Reached skill level 20 in Maces & Flails
  1158 | D        | Noticed an elephant
  1158 | D        | Noticed an elephant
  1158 | D        | Noticed an elephant
  1158 | D        | Noticed a dire elephant
  1158 | D        | Noticed an elephant
  1158 | D        | Noticed a dire elephant
  1174 | D        | Killed a dire elephant
  1174 | D        | Reached XP level 11. HP: 132/141 MP: 3/11
  1177 | D        | Received a gift from Trog
  1182 | D        | Killed a dire elephant
  1182 | D        | Reached skill level 21 in Maces & Flails
  1186 | D        | Reached ****** piety under Trog
  1198 | D        | Received a gift from Trog
  1417 | D        | Noticed Urug
  1431 | D        | Killed Urug
  1431 | D        | Reached skill level 22 in Maces & Flails
  1577 | D        | Received a gift from Trog
  1706 | D        | Noticed an orc knight
  1706 | D        | Noticed an orc knight
  1706 | D        | Noticed an orc knight
  1707 | D        | Killed an orc knight
  1713 | D        | Noticed an orc knight
  1713 | D        | Killed an orc knight
  1722 | D        | Killed an orc knight
  1725 | D        | Received a gift from Trog
  1860 | D        | Killed an orc knight
  1860 | D        | Reached XP level 12. HP: 44/158 MP: 4/12
  2294 | D        | Received a gift from Trog
  2303 | D        | Got a steaming giant spiked club {god gift}
  2312 | D        | Identified the +6 giant spiked club "Fifoipn" {drain, rElec} (Trog gifted it to you in the Dungeon)
  2330 | D        | Found Alainer's General Store.
  2341 | D        | Found Yfena's Antique Armour Shop.
  2347 | D        | Found Ylunoxke's Armour Boutique.
  2355 | D        | Reached skill level 23 in Maces & Flails
  2362 | D        | Received a gift from Trog
  2375 | D        | Received a gift from Trog
  2376 | D        | Found Vulutzos's Antique Armour Shop.
  2633 | D        | Bought a scroll of enchant armour for 90 gold pieces
  2633 | D        | Bought a scroll of fear for 42 gold pieces
  2635 | D        | Bought a robe for 16 gold pieces
  2648 | D        | Bought a +2 cloak for 198 gold pieces
  2655 | D        | Bought a shield for 108 gold pieces
  2667 | D        | Bought a disc of storms for 240 gold pieces
  2710 | D        | Noticed Psyche
  2715 | D        | Killed Psyche
  2720 | D        | Noticed Maurice
  2729 | D        | Killed Maurice
  2875 | D        | Noticed an ogre mage
  2884 | D        | Killed an ogre mage
  2884 | D        | Received a gift from Trog
  2884 | D        | Reached skill level 24 in Maces & Flails
  2885 | D        | Noticed an ogre mage
  2885 | D        | Noticed a deep troll earth mage
  2893 | D        | Noticed a stone giant
  2896 | D        | Noticed a fire giant
  2901 | D        | Noticed a vampire knight
  2904 | D        | Noticed an ettin
  2908 | D        | Killed an ogre mage
  2908 | D        | Received a gift from Trog
  2913 | D        | Killed a deep troll earth mage
  2913 | D        | Reached skill level 1 in Armour
  2936 | D        | HP: 3/162 [vampire knight/battleaxe (31)]
  2941 | D        | Slain by a vampire knight

Skill      XL: |  1  2  3  4  5  6  7  8  9 10 11 12 |
---------------+-------------------------------------+-----
Fighting       | 5 6 9 10 11 12 15 16 18 20 22 | 22.0
Dodging        | 3 4 6 7 8 10 11 12 13 | 13.7
Maces & Flails | 5 6 10 12 14 18 20 22 24 | 24.6
Stealth        | 1 2 3 4 |  4.2
Armour         | 1 |  1.4
Shields        | |  0.5

Action                   |  1- 3 |  4- 6 |  7- 9 | 10-12 || total
-------------------------+-------+-------+-------+-------++-------
Melee: Mace              |    28 |       |       |       ||    28
       Dire flail        |     4 |    11 |    27 |    38 ||    80
       Giant club        |       |       |       |    87 ||    87
       Giant spiked club |       |       |       |    80 ||    80
       Eveningstar       |       |       |       |    38 ||    38
Throw: Large rock        |       |       |       |     1 ||     1
Invok: Berserk           |     1 |     1 |     2 |     8 ||    12
       Trog's Hand       |       |     1 |     2 |     5 ||     8
  Use: Potion            |       |       |     1 |     4 ||     5
       Scroll            |       |       |     4 |     4 ||     8
 Stab: Sleeping          |       |       |       |     1 ||     1
  Eat: Chunk             |       |       |     2 |     4 ||     6
       Bread ration      |       |       |       |     2 ||     2
       Meat ration       |       |       |       |     2 ||     2
       Fruit             |       |       |       |     1 ||     1
Armor: Animal skin       |     5 |       |     4 |    11 ||    20
       Storm dragon scal |       |       |       |    25 ||    25
       Robe              |       |       |       |     1 ||     1
Dodge: Dodged            |    16 |     8 |    16 |    84 ||   124
Block: Shield            |       |       |       |    17 ||    17
